 Dungeon Crawl Stone Soup version 0.26-a0-228-g29f007ebfe (webtiles) character file.

Game seed: 14401412980262114469

18 Flugkiller the Digger (level 2, -3/20 HPs)
             Began as a Draconian Earth Elementalist on July 7, 2020.
             Slain by a worker ant (6 damage)
             ... on level 3 of the Dungeon.
             The game lasted 00:02:00 (266 turns).

Flugkiller the Digger (Draconian Earth Elementalist) Turns: 266, Time: 00:02:00

Health: -3/20      AC:  4    Str: 10    XL:     2   Next: 48%
Magic:  0/5        EV: 12    Int: 15    God:
Gold:   0          SH:  0    Dex: 11    Spells: 3/6 levels left

rFire    . . .     SeeInvis .   d - +0 whip
rCold    . . .     Faith    .   (no shield)
rNeg     . . .     Spirit   .   (armour unavailable)
rPois    .         Reflect  .   (helmet restricted)
rElec    .         Harm     .   (no cloak)
rCorr    .                      (no gloves)
MR       .....                  (no boots)
Stlth    ++........             (no amulet)
HPRegen  0.06/turn              (no ring)
MPRegen  0.09/turn              (no ring)

@: no status effects
A: unfitting armour, cold-blooded, AC +4
a: no special abilities


You were on level 3 of the Dungeon.
You were not hungry.

You visited 1 branch of the dungeon, and saw 3 of its levels.

Inventory:

Hand Weapons
 d - a +0 whip (weapon)
   (You found it on level 2 of the Dungeon)
Missiles
 b - 18 stones (quivered)
Comestibles
 c - a ration


   Skills:
 - Level 1.7 Dodging
 - Level 1.7 Stealth
 + Level 2.5 Spellcasting
 - Level 1.0 Transmutations
 + Level 3.4 Earth Magic


You had 3 spell levels left.
You knew the following spells:

 Your Spells              Type           Power        Failure   Level
a - Sandblast             Erth           ##....       4%          1
b - Passwall              Tmut/Erth      #.......     13%         2

Your spell library contained the following spells:

 Spells                   Type           Power        Failure   Level
 Stone Arrow              Conj/Erth      #.....       30%         3
 Petrify                  Tmut/Erth      #.......     63%         4
 Lee's Rapid Deconstruct  Erth           ##........   80%         5


Dungeon Overview and Level Annotations

Branches:
Dungeon (3/15)

Altars:


Innate Abilities, Weirdness & Mutations

Your plain brown scales are hard. (AC +4)
You cannot fit into any form of body armour.
You are cold-blooded and may be slowed by cold attacks.


Message History

b - 19 stones The worker ant bites you!
* * * LOW HITPOINT WARNING * * *
The rat barely misses you.
You aren't carrying any items that you can evoke.
Okay, then.
It was a potion of heal wounds.
You feel much better. The worker ant barely misses you. The rat bites you.
Unknown command.
You hit the worker ant but do no damage.
The worker ant is heavily wounded.
The worker ant bites you. The worker ant barely misses you. The rat misses you.
The worker ant bites you. The worker ant completely misses you.
There is a stone staircase leading up here.
Casting: Sandblast (safe; 4% risk of failure)
Confirm with . or Enter, or press ? or * to list all spells.
Aiming: Sandblast (safe; 4% risk of failure)
Press: ? - help, Shift-Dir - straight line, f/p - worker ant
Aim: a worker ant (heavily wounded)
The blast of sand hits the worker ant but does no damage.
The worker ant is heavily wounded.
b - 18 stones The worker ant bites you.
* * * LOW HITPOINT WARNING * * *
You hit the worker ant but do no damage.
The worker ant is heavily wounded.
The worker ant barely misses you.
Unknown command.
You closely miss the worker ant.
The worker ant is heavily wounded.
The worker ant bites you.
* * * LOW HITPOINT WARNING * * *
You hit the worker ant.
The worker ant is heavily wounded.
The worker ant bites you but does no damage.
The worker ant completely misses you.
Unknown command.
You closely miss the worker ant.
The worker ant is heavily wounded.
The worker ant bites you but does no damage.
Unknown command.
You hit the worker ant but do no damage.
The worker ant is heavily wounded.
The worker ant closely misses you.
Unknown command.
You closely miss the worker ant. You tail-slap the worker ant.
The worker ant is severely wounded.
The worker ant misses you. The worker ant bites you.
You die...

###########
#.......$.#
#.........#
#.........#
#.........#
#.........#
###.#.r###
#g##a# .
#@# #.# #..
#..# ..##
.## #


You could see a worker ant and a rat.

Vanquished Creatures
  An adder (D:2)
  A leopard gecko (D:1)
  2 goblins (D:1)
  A hobgoblin (D:1)
  2 kobolds (D:1)
  A bat (D:2)
8 creatures vanquished.

Notes
Turn   | Place    | Note
-------+----------+-------------------------------------------
     0 | D:1      | Flugkiller the Draconian Earth Elementalist began the quest
                  | for the Orb.
     0 | D:1      | Reached XP level 1. HP: 14/14 MP: 3/3
   109 | D:1      | Reached XP level 2. HP: 13/20 MP: 0/5
   127 | D:1      | Learned a level 2 spell: Passwall
   266 | D:3      | Slain by a worker ant

Illustrated notes

Levels and vault maps discovered:
D:1:      eino_arrival_cavern_e, layout_basic
D:2:      layout_basic, minmay_lizard_pond, uniq_sigmund
D:3:      layout_rooms

Action                   || total
-------------------------++-------
Melee: Unarmed           ||    23
       Tailslap          ||     4
       Whip              ||     7
 Cast: Sandblast         ||    16
       Passwall          ||     1
  Use: Potion            ||     1
Armor: Skin              ||     9
Dodge: Dodged            ||    32

Table legend:
 A = Non-vault XP
 B = Vault XP
 C = Vault XP percentage of total XP
 D = Non-vault monster count
 E = Vault monster count
 F = Vault count percentage of total count
                 A         B        C        D         E       F
            +---------+---------+-------+---------+---------+-------
      Total |      26 |       0 |   0.0 |       8 |       0 |   0.0
            +---------+---------+-------+---------+---------+-------
        D:1 |      12 |       0 |   0.0 |       6 |       0 |   0.0
        D:2 |      14 |       0 |   0.0 |       2 |       0 |   0.0
            +---------+---------+-------+---------+---------+-------
